Map: Overgrown Facility

Players

FilthyPigDog

  • Race: Protoss Protoss
  • League: Gold
  • Spawn Location: 3:00

MrFiddlstix

  • Race: Zerg Zerg
  • League: Platinum
  • Spawn Location: 1:00

OpuS - Winner!

  • Race: Protoss Protoss
  • League: Platinum
  • Spawn Location: 7:00

Sketchaphone - Winner!

  • Race: Zerg Zerg
  • League: Platinum
  • Spawn Location: 9:00

VOD

Have the link to the VOD?

Description

Time

  • Played on: Feb. 23, 2019, 8:32 p.m.
  • Length: 12:51
Show
View Real Time Build Order
Export as new Build Order

FilthyPigDog Protoss 

Build Orders: Oracle Opening 

Get SALT Encoding   

  12  0:01  Probe  
  13  0:13  Probe  
  14  0:23  Pylon  
  14  0:26  Probe  
  15  0:41  Probe  
  16  0:44  Gateway  
  16  0:47  Assimilator  
  16  0:53  Probe  
  16  0:55  Assimilator  
  17  1:06  Probe  
  18  1:18  Probe  
  19  1:22  Pylon  
  19  1:30  Probe  
  22  1:32  Zealot  
  22  1:42  Cybernetics Core  
  22  1:57  Probe  
  23  2:06  Zealot  
  25  2:09  Probe  
  25  2:14  Pylon  
  26  2:21  Probe  
  27  2:28  Stargate  
  27  2:30  Probe  
  28  2:38  Probe  
  29  2:48  Probe  
  29  2:49  Zealot  
  32  3:02  Oracle  
  35  3:22  Zealot  
  35  3:25  Pylon, Twilight Council  
  37  3:47  Warp Gate  
  37  3:50  Gateway  
  37  3:52  Gateway  
  37  3:53  Gateway  
  4  4:55  Probe  
  5  5:08  Pylon  
  5  5:26  Probe  
  5  5:34  Probe  
  7  5:44  Probe  
  8  5:50  Charge  
  8  5:53  Probe  
  9  6:01  Probe  
  9  6:10  Probe  
  3  6:52  Stalker x2  
  3  6:53  Stalker x2  
  11  6:57  Probe  
  12  7:09  Probe  
  13  7:17  Probe  
  13  7:22  Zealot  
  16  7:23  Zealot  
  16  7:25  Probe  
  19  7:35  Probe  
  20  7:48  Probe  
  18  8:02  Zealot  
  14  8:14  Probe  
  15  8:32  Probe  
  16  8:48  Probe  
  17  8:56  Probe  
  18  9:03  Forge  
  18  9:05  Probe  
  17  9:17  Probe  
  18  9:29  Probe  
  17  9:52  Probe  
  16  10:03  Probe  
  17  10:10  Pylon  
  17  10:11  Probe  
  17  10:20  Probe  
  19  10:31  Probe  
  20  10:43  Probe  
  20  10:48  Stalker x2  
  25  10:51  Zealot, Probe  
  28  10:59  Probe  
  29  11:09  Probe  
  29  11:15  Photon Cannon  
  30  11:53  Probe  
  31  12:12  Probe  
  16  12:35  Nexus  
  16  12:41  Pylon  
Show
View Real Time Build Order
Export as new Build Order

MrFiddlstix Zerg 

Build Orders: Hatch First 

Get SALT Encoding   

  12  0:01  Drone  
  13  0:12  Overlord  
  13  0:20  Drone  
  14  0:31  Drone x2  
  14  0:35  Drone  
  17  0:56  Hatchery  
  16  0:58  Drone  
  17  1:12  Spawning Pool  
  17  1:13  Drone  
  17  1:17  Extractor  
  16  1:19  Drone  
  17  1:29  Overlord  
  17  1:38  Drone  
  18  1:47  Drone  
  18  1:54  Drone  
  20  1:58  Queen  
  22  2:08  Queen  
  22  2:09  Drone  
  25  2:16  Drone  
  25  2:17  Drone  
  25  2:19  Zergling x2  
  28  2:25  Metabolic Boost  
  29  2:30  Zergling x4  
  29  2:36  Queen  
  32  2:54  Drone x3  
  32  2:55  Drone  
  32  2:56  Overlord  
  36  3:02  Baneling Nest  
  36  3:04  Drone  
  36  3:15  Drone  
  36  3:16  Drone x4  
  41  3:20  Overlord  
  41  3:23  Drone  
  41  3:51  Zergling x4  
  41  3:52  Zergling x10  
  48  4:01  Overlord x2  
  48  4:13  Zergling x2  
  48  4:14  Zergling x6  
  48  4:42  Overlord x2  
  48  4:43  Zergling x2  
  48  4:44  Zergling x8  
  53  4:57  Zergling x2  
  53  4:58  Zergling x8  
  54  5:11  Zergling x8  
  48  5:23  Baneling x6  
  49  5:42  Zergling x2  
  49  5:43  Zergling x22  
  49  5:48  Baneling x5  
  49  5:49  Baneling  
  51  6:32  Spore Crawler  
  50  6:35  Spore Crawler  
  50  6:36  Lair  
  49  6:52  Baneling x6  
  49  6:53  Zergling x2  
  50  6:54  Zergling x24  
  50  7:00  Extractor  
  61  7:01  Extractor  
  61  7:02  Extractor  
  59  7:16  Hatchery  
  58  7:28  Drone  
  58  7:29  Drone x3  
  40  7:53  Zergling x18  
  46  8:20  Queen  
  46  8:21  Queen  
  46  8:22  Drone  
  46  8:23  Drone x2  
  46  8:26  Baneling  
  46  8:27  Baneling x4  
  54  8:34  Drone x2  
  54  8:35  Drone x4  
  54  8:36  Queen, Drone x4  
  65  9:14  Spore Crawler  
  65  9:15  Spore Crawler  
  63  9:33  Zergling x2  
  63  9:34  Zergling x32  
  69  9:56  Baneling x6  
  68  10:05  Hydralisk Den  
  67  10:16  Drone  
  67  10:17  Drone x3  
  67  10:18  Drone x8  
  71  10:43  Hydralisk x5  
  71  10:47  Overlord x4  
  71  10:48  Overlord  
  81  10:59  Grooved Spines  
  81  11:04  Evolution Chamber  
  80  11:06  Evolution Chamber  
  80  11:07  Hydralisk  
  80  11:08  Hydralisk x7  
  95  11:24  Hydralisk x3  
  95  11:25  Hydralisk x2  
  105  11:57  Hatchery  
  90  12:16  Hydralisk  
  90  12:17  Hydralisk x7  
  90  12:21  Overlord  
  90  12:22  Overlord  
Show
View Real Time Build Order
Export as new Build Order

OpuS Protoss - Winner!

Build Orders:  

Get SALT Encoding   

  12  0:01  Probe  
  13  0:13  Probe  
  14  0:25  Pylon  
  14  0:27  Probe  
  15  0:44  Gateway  
  15  0:51  Probe  
  15  0:55  Assimilator  
  15  0:56  Assimilator  
  16  0:59  Probe  
  17  1:10  Gateway  
  17  1:19  Probe  
  18  1:34  Cybernetics Core  
  18  1:37  Pylon, Probe  
  19  1:49  Probe  
  20  2:04  Probe  
  21  2:11  Stalker x2  
  21  2:12  Warp Gate  
  25  2:20  Probe  
  25  2:23  Pylon  
  25  2:28  Probe  
  27  2:38  Probe  
  27  2:42  Stalker  
  29  2:44  Stalker  
  31  2:53  Probe  
  32  3:15  Nexus  
  32  3:25  Probe  
  33  3:38  Stargate  
  33  3:41  Twilight Council  
  33  3:50  Pylon  
  33  4:05  Probe  
  34  4:12  Zealot x2  
  36  4:17  Probe, Charge  
  36  4:20  Pylon  
  22  4:41  Stalker  
  21  4:58  Probe  
  22  5:01  Probe  
  22  5:03  Oracle  
  26  5:21  Probe  
  27  5:23  Probe  
  28  5:34  Stalker  
  30  5:48  Shield Battery  
  30  5:49  Probe  
  31  5:51  Probe  
  32  6:01  Probe  
  33  6:07  Stalker  
  35  6:17  Probe x2  
  37  6:29  Probe x2  
  39  6:38  Zealot x2  
  43  6:41  Probe x2  
  45  6:53  Probe x2  
  47  6:58  Templar Archives  
  47  7:04  Zealot  
  47  7:06  Zealot  
  47  7:07  Void Ray  
  55  7:24  Pylon  
  55  7:26  Probe  
  55  7:27  Probe  
  57  7:39  Gateway  
  57  7:41  Gateway  
  53  7:56  Probe x2  
  47  8:04  Void Ray  
  45  8:07  Shield Battery  
  45  8:08  Probe x2  
  47  8:15  Zealot x2  
  55  8:28  Probe x2  
  55  8:31  Pylon  
  57  8:37  Zealot x3  
  57  8:40  Probe x2  
  65  8:49  Void Ray  
  65  8:52  Probe  
  70  9:01  Assimilator  
  70  9:04  Gateway  
  70  9:05  Assimilator  
  70  9:06  Gateway  
  67  9:32  Void Ray  
  71  9:42  Nexus  
  61  9:53  Pylon  
  61  9:54  Zealot x3  
  61  9:55  Zealot, Pylon  
  65  10:07  Gateway  
  65  10:11  Gateway  
  65  10:15  Void Ray  
  69  10:21  High Templar x2  
  69  10:22  High Templar x2  
  69  10:26  Archon x2  
  77  10:38  Zealot x2  
  81  10:45  Pylon  
  81  10:46  Pylon  
  81  10:48  Void Ray  
  81  10:54  High Templar x2  
  81  10:55  Zealot  
  87  10:58  Archon  
  87  11:00  Zealot  
  87  11:01  Zealot  
  95  11:04  Probe  
  95  11:05  Probe  
  97  11:15  Zealot  
  97  11:17  Zealot  
  101  11:23  High Templar x2  
  105  11:27  Archon  
  105  11:28  Probe x3  
  108  11:40  Probe x3  
  108  11:41  Pylon  
  108  11:42  Assimilator  
  108  11:45  Assimilator  
  111  11:52  High Templar x2, Probe x2  
  111  11:53  Probe  
  118  12:01  Zealot x2  
  122  12:04  Probe x2  
  120  12:34  Zealot x5  
  120  12:35  Zealot x3  
  130  12:39  Gateway  
  130  12:41  Gateway  
Show
View Real Time Build Order
Export as new Build Order

Sketchaphone Zerg - Winner!

Build Orders: Hatch First 

Get SALT Encoding   

  12  0:02  Drone  
  13  0:15  Overlord  
  13  0:21  Drone  
  14  0:33  Drone x2  
  16  0:37  Drone  
  17  0:57  Hatchery  
  17  1:00  Drone  
  17  1:02  Drone  
  18  1:06  Extractor  
  17  1:19  Spawning Pool  
  17  1:25  Drone  
  17  1:26  Drone  
  18  1:39  Drone  
  19  1:41  Overlord  
  19  1:55  Drone  
  20  2:06  Queen  
  20  2:07  Metabolic Boost  
  22  2:09  Zergling x2  
  22  2:10  Overlord  
  22  2:15  Zergling x2  
  24  2:20  Drone  
  25  2:29  Zergling x2  
  26  2:34  Drone  
  26  2:36  Queen  
  29  2:53  Evolution Chamber  
  29  2:56  Drone  
  29  2:57  Overlord, Zergling x2  
  30  3:03  Drone  
  30  3:05  Zergling x4  
  33  3:19  Zerg Melee Weapons Level 1  
  33  3:21  Zergling x10  
  38  3:41  Hatchery  
  37  3:42  Drone  
  37  3:43  Zergling x2  
  39  3:49  Zergling x4  
  41  3:58  Lair  
  41  4:06  Drone x3  
  38  4:26  Spore Crawler  
  36  4:42  Drone x3  
  36  4:43  Zergling x4  
  36  4:45  Zergling x14  
  48  4:56  Zergling x10  
  53  5:03  Zergling x2  
  47  5:10  Spire  
  45  5:15  Queen  
  45  5:19  Extractor  
  45  5:20  Drone  
  47  5:38  Zerg Melee Weapons Level 2  
  47  5:39  Drone x4  
  51  5:47  Extractor  
  51  5:48  Extractor  
  41  6:13  Zergling x20  
  41  6:14  Zergling x6  
  49  6:24  Roach Warren  
  47  6:28  Spine Crawler  
  47  6:32  Mutalisk  
  47  6:47  Drone x3  
  49  7:00  Mutalisk  
  51  7:03  Overlord  
  51  7:04  Drone  
  51  7:19  Overlord  
  51  7:20  Overlord  
  51  7:24  Pneumatized Carapace  
  51  7:31  Drone x2  
  51  7:34  Drone  
  54  7:40  Drone x2  
  43  7:56  Zerg Ground Armor Level 1, Mutalisk  
  44  8:00  Mutalisk  
  46  8:20  Overlord  
  46  8:21  Mutalisk x3  
  46  8:23  Zergling x2  
  53  8:32  Mutalisk  
  55  8:37  Overlord  
  55  8:39  Drone x2  
  55  8:41  Drone  
  58  8:48  Overlord  
  58  9:03  Hatchery  
  57  9:26  Nydus Network, Glial Reconstitution  
  57  9:28  Roach  
  57  9:29  Roach x4  
  66  9:36  Zergling x6  
  69  9:46  Mutalisk x2  
  73  10:10  Roach  
  73  10:12  Nydus Canal  
  75  10:22  Roach x3  
  75  10:24  Overlord  
  75  10:25  Overlord x2  
  75  10:27  Zerg Flyer Weapons Level 1  
  67  10:46  Drone x9  
  67  10:48  Queen  
  78  11:09  Overlord, Infestation Pit  
  75  11:38  Roach  
  75  11:39  Roach x14  
  105  11:42  Nydus Canal  
  101  11:49  Roach  
  71  12:31  Roach  
  71  12:35  Nydus Canal  
Tags
 
Add a new tag
Caveats
  • Supply blocks, unpowered buildings, or Contaminate may cause inaccurate times.
  • Supply counts are checked every 10 seconds.